 Dungeon Crawl Stone Soup version 0.23.2-30-g0e89c35649 (webtiles) character file.

Game seed: 9463879849475222415

43 funkygono the Skirmisher (level 3, 0/30 HPs)
             Began as a Formicid Abyssal Knight on June 16, 2019.
             Was a Believer of Lugonu.
             Succumbed to an adder's poison
             ... on level 1 of the Dungeon.
             The game lasted 00:02:03 (1140 turns).

funkygono the Skirmisher (Formicid Abyssal Knight)  Turns: 1140, Time: 00:02:04

Health: 0/30       AC:  4    Str: 17    XL:     3   Next: 82%
Magic:  4/4        EV: 11    Int: 11    God:    Lugonu [**....]
Gold:   33         SH:  0    Dex: 10    Spells: 2/2 levels left

rFire    . . .     SeeInvis +   a - +1 mace
rCold    . . .     Gourm    .   (no shield)
rNeg     . . .     Faith    .   b - +1 leather armour
rPois    .         Spirit   .   (helmet unavailable)
rElec    .         Reflect  .   (no cloak)
rCorr    .         Harm     .   (no gloves)
MR       .....                  (no boots)
Stlth    +.........             (no amulet)
HPRegen  0.10/turn              (no ring)
MPRegen  0.09/turn              (no ring)

@: lethally poisoned (0 -> -4)
A: permanent stasis, dig shafts and tunnels, four strong arms, antennae 3
a: Dig, Shaft Self, Depart the Abyss, Bend Space, Renounce Religion


You were on level 1 of the Dungeon.
You worshipped Lugonu.
Lugonu was pleased with you.
You were not hungry.

You visited 1 branch of the dungeon, and saw 2 of its levels.
You visited the Abyss 1 time.

You collected 33 gold pieces.

Inventory:

Hand Weapons
 a - a +1 mace (weapon)
Missiles
 d - 40 stones (quivered)
Armour
 b - a +1 leather armour (worn)
Scrolls
 e - 2 scrolls of identify
Potions
 i - a potion of mutation
Comestibles
 c - 2 rations


   Skills:
 * Level 4.3 Fighting
 + Level 2.3 Maces & Flails
 * Level 2.8 Armour
 + Level 1.0 Dodging
 + Level 2.1 Invocations


You had 2 spell levels left.
You didn't know any spells.
Your spell library was empty.

Dungeon Overview and Level Annotations

Branches:
Dungeon (2/15)

Altars:
Nemelex Xobeh


Innate Abilities, Weirdness & Mutations

You cannot be hasted, slowed, berserked, paralysed or teleported.
You can dig through walls and to a lower floor.
Your four strong arms can wield two-handed weapons with a shield.
You have a pair of large antennae on your head. (SInv)


Message History

The adder bites you.
* * * LOW HITPOINT WARNING * * *
You miss the adder. The adder closely misses you.
You hit the adder.
The adder is moderately wounded.
The adder barely misses you. The adder bites you but does no damage.
You closely miss the adder.
The adder is moderately wounded.
The adder bites you.
* * * LOW HITPOINT WARNING * * *
The adder closely misses you.
You closely miss the adder.
The adder is moderately wounded.
The adder bites you.
* * * LOW HITPOINT WARNING * * *
You are lethally poisoned!
The adder poisons you!
You hit the adder.
The adder is almost dead.
You die...

# ########### # #.........# #
###### #.........# #
######..>.########.........######
..............lS@..............).
##.............###.........######
#......#......# ########### #
#......#......############# #
#......#....>.............## #
########......######.......# #
#........)........#.## ##
#.......#####.....#..###.
######....................


You could see an adder and a frilled lizard.

Vanquished Creatures
  An adder (D:1)
  2 dart slugs (D:1)
  A leopard gecko (D:1)
  2 ball pythons (D:1)
  3 bats (D:1)
  2 giant cockroaches (D:1)
  A goblin (D:1)
  3 hobgoblins (D:1)
  A jackal (D:1)
  4 kobolds (D:1)
  4 frilled lizards (D:1)
  3 rats (D:1)
27 creatures vanquished.

Notes
Turn   | Place    | Note
-------+----------+-------------------------------------------
     0 | Abyss:1  | funkygono the Formicid Abyssal Knight began the quest for
                  | the Orb.
     0 | Abyss:1  | Reached XP level 1. HP: 18/18 MP: 2/2
    17 | D:1      | Escaped the Abyss
   327 | D:1      | Reached XP level 2. HP: 17/24 MP: 3/3
   449 | D:1      | Reached skill level 4 in Fighting
   656 | D:1      | Reached XP level 3. HP: 30/30 MP: 4/4
   805 | D:1      | Found a sparkling altar of Nemelex Xobeh.
   852 | D:1      | Reached ** piety under Lugonu
  1133 | D:1      | Reached skill level 1 in Dodging
  1139 | D:1      | HP: 1/30 [adder (4)]
  1140 | D:1      | Succumbed to an adder's poison

Skill      XL: |  1  2  3 |
---------------+----------+-----
Fighting       | 4 |  4.3
Dodging        | 1 |  1.0
Maces & Flails | |  2.3
Armour         | |  2.8
Invocations    | |  2.1

Action                   || total
-------------------------++-------
Melee: Mace              ||   107
  Use: Scroll            ||     4
       Potion            ||     1
  Eat: Chunk             ||     1
Armor: Leather armour    ||    39
Dodge: Dodged            ||    99
